LNP
MAYAGUEZ CAPITANES @ UTUADO ARRIBENOS
04/14/1903
 
TOP OF THE 1ST
Mayaguez Capitanes batting - Pitching for Utuado Arribenos : RHP Celestino López
Pitching: RHP Celestino López
Batting: LHB Alberto Ribota 0-0: Ball
1-0: Reached on error, E1 (Groundball, P, EV 0 KM/H)
Batting: RHB Fernando Martínez 0-0: Ball
1-0: Ball
2-0: Ball
3-0: Called Strike
3-1: Sac Bunt to 13 - play at first, batter OUT! 1-3
Alberto Ribota to second
Batting: RHB Segundo Román 0-0: Called Strike
0-1: Ground out 1-3 (Groundball, 23, EV 102 KM/H)
Batting: LHB Carlos de Jesús 0-0: Ball
1-0: Called Strike
1-1: Fly out, F9 (Flyball, 9, EV 150 KM/H)
Top of the 1st over - 0 runs, 0 hits, 1 error, 1 left on base; Mayaguez 0 - Utuado 0
BOTTOM OF THE 1ST
Utuado Arribenos batting - Pitching for Mayaguez Capitanes : RHP Manuel Martínez
Pitching: RHP Manuel Martínez
Batting: SHB Egidio Osorio 0-0: Ball
1-0: Fly out, F8 (Flyball, 8LD, EV 140 KM/H)
Batting: RHB Jorge Pitones 0-0: SINGLE (Groundball, 6MS, EV 104 KM/H) (infield hit)
Batting: LHB Gaudencio Ojeda 0-0: Ball
1-0: Ball
2-0: Fielders Choice at 2nd, 4-6 (Groundball, 4, EV 162 KM/H)
Batting: LHB Urbano Rivera 0-0: Called Strike
0-1: Ball
1-1: Foul Ball, location: 3FF
1-2: Foul Ball, location: 7LDF
1-2: Foul Ball, location: 3FF
1-2: Ball
2-2: Fly out, F5 (Popup, 5L, EV 124 KM/H)
Bottom of the 1st over - 0 runs, 1 hit, 0 errors, 1 left on base; Mayaguez 0 - Utuado 0
TOP OF THE 2ND
Mayaguez Capitanes batting - Pitching for Utuado Arribenos : RHP Celestino López
Batting: RHB Mórsimo Rodríguez 0-0: DOUBLE (Flyball, 8LXD, EV 162 KM/H)
Batting: RHB Ángel Rodríguez 0-0: Ball
1-0: Bunt - Flyout to 2L! F2
Batting: RHB Illán Alfaro 0-0: Ball
1-0: Fly out, F7 (Flyball, 78M, EV 147 KM/H)
Batting: RHB Neftalí Salas 0-0: Called Strike
0-1: Ball
1-1: Ground out 6-3 (Groundball, 6, EV 138 KM/H)
Top of the 2nd over - 0 runs, 1 hit, 0 errors, 1 left on base; Mayaguez 0 - Utuado 0
BOTTOM OF THE 2ND
Utuado Arribenos batting - Pitching for Mayaguez Capitanes : RHP Manuel Martínez
Batting: RHB Etelfrido Dorado 0-0: Foul Ball, location: 2F
0-1: Bunt missed!
0-2: Ground out 6-3 (Groundball, 6, EV 165 KM/H)
Batting: RHB Haffy Beattie 0-0: Ball
1-0: Ball
2-0: Foul Ball, location: 2F
2-1: Foul Ball, location: 2F
2-2: Foul Ball, location: 25F
2-2: SINGLE (Groundball, 6MD, EV 174 KM/H) (infield hit)
Batting: LHB Marco Aguiar 0-0: Foul Ball, location: 3F
0-1: Foul Ball, location: 2F
0-2: Foul Ball, location: 2F
0-2: Ball
1-2: Ball
2-2: Foul Ball, location: 25F
2-2: Ball
3-2: Fly out, F9 (Line Drive, 89M, EV 146 KM/H)
Batting: RHB Alrigo García 0-0: Ball
1-0: Ball
2-0: Ground out 2-3 (Groundball, 2L, EV 111 KM/H)
Bottom of the 2nd over - 0 runs, 1 hit, 0 errors, 1 left on base; Mayaguez 0 - Utuado 0
TOP OF THE 3RD
Mayaguez Capitanes batting - Pitching for Utuado Arribenos : RHP Celestino López
Batting: RHB Dermott Smith 0-0: Ground out 4-3 (Groundball, 4, EV 130 KM/H)
Batting: LHB Alberto Ribota 0-0: Ball
1-0: Ball
2-0: Called Strike
2-1: SINGLE (Line Drive, 3D, EV 166 KM/H)
Batting: RHB Fernando Martínez 0-0: Ball
1-0: Foul Ball, location: 2LF
1-1: Foul Ball, location: 2F
1-2: Foul Ball, location: 5DF
1-2: SINGLE (Groundball, 6MD, EV 160 KM/H)
Alberto Ribota to second
Runner from 2nd tries for 3rd, OUT! 8-5
Batting: RHB Segundo Román 0-0: Called Strike
0-1: Foul Ball, location: 2F
0-2: Ground out 5-3 (Groundball, 5S, EV 136 KM/H)
Top of the 3rd over - 0 runs, 2 hits, 0 errors, 1 left on base; Mayaguez 0 - Utuado 0
BOTTOM OF THE 3RD
Utuado Arribenos batting - Pitching for Mayaguez Capitanes : RHP Manuel Martínez
Batting: LHB Efraín Trejo 0-0: Called Strike
0-1: SINGLE (Groundball, 56D, EV 169 KM/H)
Batting: SHB Egidio Osorio 0-0: Bunt missed!
0-1: Ball
1-1: Bunted foul
1-2: Grounds into double play, 4-6-3 (Groundball, 4, EV 139 KM/H)
Batting: RHB Jorge Pitones 0-0: Fly out, F7 (Flyball, 78D, EV 133 KM/H)
Bottom of the 3rd over - 0 runs, 1 hit, 0 errors, 0 left on base; Mayaguez 0 - Utuado 0
TOP OF THE 4TH
Mayaguez Capitanes batting - Pitching for Utuado Arribenos : RHP Celestino López
Batting: LHB Carlos de Jesús 0-0: Called Strike
0-1: Fly out, F7 (Flyball, 7LM, EV 161 KM/H)
Batting: RHB Mórsimo Rodríguez 0-0: Ball
1-0: Called Strike
1-1: Foul Ball, location: 25FF
1-2: Ball
2-2: Ground out 5-3 (Groundball, 5, EV 132 KM/H)
Batting: RHB Ángel Rodríguez 0-0: Ball
1-0: Ball
2-0: Ball
3-0: Called Strike
3-1: Foul Ball, location: 9LSF
3-2: Foul Ball, location: 3DF
3-2: Foul Ball, location: 25F
3-2: Base on Balls
Batting: RHB Illán Alfaro 0-0: Ball
Ángel Rodríguez steals 2nd base
1-0: Foul Ball, location: 7LSF
1-1: Ball
2-1: Ball
3-1: Foul Ball, location: 23FF
3-2: Ground out 4-3 (Groundball, 13, EV 129 KM/H)
Top of the 4th over - 0 runs, 0 hits, 0 errors, 1 left on base; Mayaguez 0 - Utuado 0
BOTTOM OF THE 4TH
Utuado Arribenos batting - Pitching for Mayaguez Capitanes : RHP Manuel Martínez
Batting: LHB Gaudencio Ojeda 0-0: Ball
1-0: Bunt - Flyout to 15S! F1
Batting: LHB Urbano Rivera 0-0: Foul Ball, location: 3FF
0-1: Foul Ball, location: 2F
0-2: Foul Ball, location: 7LMF
0-2: Ball
1-2: Ground out 4-3 (Groundball, 4D, EV 161 KM/H)
Batting: RHB Etelfrido Dorado 0-0: Foul Ball, location: 23F
0-1: Called Strike
0-2: Foul Ball, location: 9LDF
0-2: Fly out, F7 (Flyball, 7LM, EV 155 KM/H)
Bottom of the 4th over - 0 runs, 0 hits, 0 errors, 0 left on base; Mayaguez 0 - Utuado 0
TOP OF THE 5TH
Mayaguez Capitanes batting - Pitching for Utuado Arribenos : RHP Celestino López
Batting: RHB Neftalí Salas 0-0: Called Strike
0-1: Called Strike
0-2: Foul Ball, location: 2F
0-2: SINGLE (Line Drive, 89S, EV 152 KM/H)
Batting: RHB Dermott Smith 0-0: Bunt - Flyout to 5S! F5
Batting: LHB Alberto Ribota 0-0: Ball
1-0: Swinging Strike
1-1: Ball
2-1: Ball
3-1: Fielders Choice at 2nd, 6-4 (Groundball, 6M, EV 175 KM/H)
Batting: RHB Fernando Martínez 0-0: Called Strike
Alberto Ribota steals 2nd, throwing error, E2
Alberto Ribota to third
0-1: Swinging Strike
0-2: SINGLE (Line Drive, 34, EV 171 KM/H)
Alberto Ribota scores
Batting: RHB Segundo Román 0-0: Ball
1-0: Ball
2-0: Foul Ball, location: 2F
2-1: Ball
3-1: Base on Balls
Fernando Martínez to second
Batting: LHB Carlos de Jesús 0-0: Fly out, F9 (Flyball, 9LM, EV 150 KM/H)
Top of the 5th over - 1 run, 2 hits, 1 error, 2 left on base; Mayaguez 1 - Utuado 0
BOTTOM OF THE 5TH
Utuado Arribenos batting - Pitching for Mayaguez Capitanes : RHP Manuel Martínez
Batting: RHB Haffy Beattie 0-0: Called Strike
0-1: Ball
1-1: Ground out 5-3 (Groundball, 5, EV 165 KM/H)
Batting: LHB Marco Aguiar 0-0: Ball
1-0: Ball
2-0: Called Strike
2-1: Ground out 5-3 (Groundball, 56, EV 148 KM/H)
Batting: RHB Alrigo García 0-0: Ball
1-0: Swinging Strike
1-1: Swinging Strike
1-2: Ball
2-2: Ball
3-2: Strikes out swinging
Bottom of the 5th over - 0 runs, 0 hits, 0 errors, 0 left on base; Mayaguez 1 - Utuado 0
TOP OF THE 6TH
Mayaguez Capitanes batting - Pitching for Utuado Arribenos : RHP Celestino López
Batting: RHB Mórsimo Rodríguez 0-0: Ball
1-0: Fly out, F9 (Flyball, 9D, EV 151 KM/H)
Batting: RHB Ángel Rodríguez 0-0: Ball
1-0: Called Strike
1-1: Ball
2-1: Ground out U3 (Groundball, 34S, EV 140 KM/H)
Batting: RHB Illán Alfaro 0-0: Ball
1-0: Ball
2-0: Fly out, F3 (Popup, 3F, EV 96 KM/H)
Top of the 6th over - 0 runs, 0 hits, 0 errors, 0 left on base; Mayaguez 1 - Utuado 0
BOTTOM OF THE 6TH
Utuado Arribenos batting - Pitching for Mayaguez Capitanes : RHP Manuel Martínez
Batting: LHB Efraín Trejo 0-0: Ball
1-0: Foul Ball, location: 9LDF
1-1: Foul Ball, location: 5FF
1-2: Foul Ball, location: 7LSF
1-2: Foul Ball, location: 7LSF
1-2: Ball
2-2: Strikes out swinging
Batting: SHB Egidio Osorio 0-0: SINGLE (Line Drive, 34D, EV 167 KM/H)
Batting: RHB Jorge Pitones 0-0: DOUBLE (Line Drive, 78XD, EV 167 KM/H)
Egidio Osorio to third
Runner from 3rd tries for Home, SAFE, no throw by CF
Batting: LHB Gaudencio Ojeda 0-0: Called Strike
0-1: Swinging Strike
0-2: Ball
1-2: Strikes out swinging
Batting: LHB Urbano Rivera 0-0: Called Strike
0-1: Ball
1-1: Ball
2-1: Called Strike
2-2: Foul Ball, location: 9LSF
2-2: Ball
3-2: Ground out 3-1 (Groundball, 34, EV 144 KM/H)
Bottom of the 6th over - 1 run, 2 hits, 0 errors, 1 left on base; Mayaguez 1 - Utuado 1
TOP OF THE 7TH
Mayaguez Capitanes batting - Pitching for Utuado Arribenos : RHP Celestino López
Batting: RHB Neftalí Salas 0-0: Called Strike
0-1: Ball
1-1: Ball
2-1: Foul Ball, location: 2F
2-2: Ball
3-2: Fly out, F8 (Flyball, 8LD, EV 163 KM/H)
Batting: RHB Dermott Smith 0-0: Called Strike
0-1: Called Strike
0-2: Foul Ball, location: 25F
0-2: Ball
1-2: Ground out 4-3 (Groundball, 4M, EV 136 KM/H)
Batting: LHB Alberto Ribota 0-0: Ball
1-0: Ball
2-0: Ball
3-0: Base on Balls
Batting: RHB Fernando Martínez 0-0: Fly out, F8 (Flyball, 8RM, EV 131 KM/H)
Top of the 7th over - 0 runs, 0 hits, 0 errors, 1 left on base; Mayaguez 1 - Utuado 1
BOTTOM OF THE 7TH
Utuado Arribenos batting - Pitching for Mayaguez Capitanes : RHP Manuel Martínez
Batting: RHB Etelfrido Dorado 0-0: Called Strike
0-1: Ball
1-1: Ball
2-1: Swinging Strike
2-2: Ball
3-2: Foul Ball, location: 3FF
3-2: Foul Ball, location: 7LMF
3-2: Foul Ball, location: 5FF
3-2: Strikes out swinging
Batting: RHB Haffy Beattie 0-0: Fly out, F8 (Line Drive, 8LM, EV 137 KM/H)
Batting: LHB Marco Aguiar 0-0: Ball
1-0: Swinging Strike
1-1: Called Strike
1-2: Strikes out swinging
Bottom of the 7th over - 0 runs, 0 hits, 0 errors, 0 left on base; Mayaguez 1 - Utuado 1
TOP OF THE 8TH
Mayaguez Capitanes batting - Pitching for Utuado Arribenos : RHP Celestino López
Batting: RHB Segundo Román 0-0: Foul Ball, location: 2F
0-1: Ball
1-1: Ball
2-1: Foul Ball, location: 2F
2-2: Ground out 1-3 (Groundball, 34S, EV 110 KM/H)
Batting: LHB Carlos de Jesús 0-0: Ball
1-0: Called Strike
1-1: Reached via error on a dropped throw from 1B, E1 (Groundball, 34S, EV 128 KM/H)
Batting: RHB Mórsimo Rodríguez 0-0: Fly out, F8 (Flyball, 8LM, EV 140 KM/H)
Batting: RHB Ángel Rodríguez 0-0: Called Strike
0-1: Ball
1-1: Ball
2-1: Called Strike
2-2: Foul Ball, location: 9LDF
2-2: Fly out, F8 (Flyball, 8LD, EV 143 KM/H)
Top of the 8th over - 0 runs, 0 hits, 1 error, 1 left on base; Mayaguez 1 - Utuado 1
BOTTOM OF THE 8TH
Utuado Arribenos batting - Pitching for Mayaguez Capitanes : RHP Manuel Martínez
Pinch Hitting: LHB Aldo Agosto 0-0: Called Strike
0-1: Ball
1-1: Fly out, F8 (Flyball, 8RM, EV 120 KM/H)
Batting: LHB Efraín Trejo 0-0: Fly out, F9 (Line Drive, 89D, EV 148 KM/H)
Batting: SHB Egidio Osorio 0-0: Ball
1-0: Foul Ball, location: 5F
1-1: Fly out, F9 (Flyball, 9LD, EV 178 KM/H)
Bottom of the 8th over - 0 runs, 0 hits, 0 errors, 0 left on base; Mayaguez 1 - Utuado 1
TOP OF THE 9TH
Mayaguez Capitanes batting - Pitching for Utuado Arribenos : RHP Celestino López
Now at SS: Guarionex Garza
Pinch Hitting: LHB Bartolomé García 0-0: Fly out, F8 (Flyball, 8LM, EV 152 KM/H)
Pinch Hitting: RHB Eneas González 0-0: Ball
1-0: Foul Ball, location: 2F
1-1: Ball
2-1: Called Strike
2-2: Ground out 5-3 (Groundball, 25, EV 143 KM/H)
Pinch Hitting: SHB Roberto Caballero 0-0: Ball
1-0: Ball
2-0: Fly out, F2 (Popup, 25F, EV 133 KM/H)
Top of the 9th over - 0 runs, 0 hits, 0 errors, 0 left on base; Mayaguez 1 - Utuado 1
BOTTOM OF THE 9TH
Utuado Arribenos batting - Pitching for Mayaguez Capitanes : RHP Manuel Martínez
Now at C: Bartolomé García
Now at 2B: Eneas González
Now at 3B: Roberto Caballero
Pinch Hitting: SHB Roger Muir 0-0: Called Strike
0-1: Fly out, F6 (Popup, P, EV 106 KM/H)
Batting: LHB Gaudencio Ojeda 0-0: Ground out 4-3 (Groundball, 13, EV 146 KM/H)
Batting: LHB Urbano Rivera 0-0: Ground out 3-1 (Groundball, 34, EV 129 KM/H)
Bottom of the 9th over - 0 runs, 0 hits, 0 errors, 0 left on base; Mayaguez 1 - Utuado 1
TOP OF THE 10TH
Mayaguez Capitanes batting - Pitching for Utuado Arribenos : RHP Celestino López
Now in RF: Jesús Piñeda
Batting: LHB Alberto Ribota 0-0: Ball
1-0: Swinging Strike
1-1: Ball
2-1: Ball
3-1: Called Strike
3-2: Foul Ball, location: 7LDF
3-2: Ground out 4-3 (Groundball, 4, EV 132 KM/H)
Batting: RHB Fernando Martínez 0-0: Called Strike
0-1: Ground out U3 (Groundball, 34S, EV 162 KM/H)
Batting: RHB Segundo Román 0-0: Foul Ball, location: 2F
0-1: Ground out 6-3 (Groundball, 6MS, EV 136 KM/H)
Top of the 10th over - 0 runs, 0 hits, 0 errors, 0 left on base; Mayaguez 1 - Utuado 1
BOTTOM OF THE 10TH
Utuado Arribenos batting - Pitching for Mayaguez Capitanes : RHP Manuel Martínez
Batting: RHB Etelfrido Dorado 0-0: Ball
1-0: Called Strike
1-1: Ball
2-1: Foul Ball, location: 2F
2-2: Foul Ball, location: 7LSF
2-2: Fly out, F8 (Flyball, 8LD, EV 144 KM/H)
Pinch Hitting: LHB José González 0-0: Fly out, F8 (Flyball, 8LM, EV 143 KM/H)
Batting: LHB Marco Aguiar 0-0: Ball
1-0: Called Strike
1-1: Ball
2-1: Foul Ball, location: 7LDF
2-2: Strikes out swinging
Bottom of the 10th over - 0 runs, 0 hits, 0 errors, 0 left on base; Mayaguez 1 - Utuado 1
TOP OF THE 11TH
Mayaguez Capitanes batting - Pitching for Utuado Arribenos : RHP Celestino López
Now in LF: Luis Álvarez
Batting: LHB Carlos de Jesús 0-0: Ball
1-0: Swinging Strike
1-1: Foul Ball, location: 3FF
1-2: SINGLE (Popup, 34D, EV 120 KM/H)
Batting: RHB Mórsimo Rodríguez 0-0: Ball
1-0: Sac Bunt to 2R - play at first, batter OUT! 2-3
Carlos de Jesús to second
Batting: RHB Ángel Rodríguez 0-0: Called Strike
0-1: Ball
1-1: Ball
2-1: Ball
3-1: SINGLE (Groundball, 6MD, EV 176 KM/H)
Carlos de Jesús to third
Runner from 3rd tries for Home, throw by CF and OUT! 8-2
Batting: LHB Bartolomé García 0-0: Ball
1-0: Ground out 4-3 (Groundball, 4, EV 137 KM/H)
Top of the 11th over - 0 runs, 2 hits, 0 errors, 1 left on base; Mayaguez 1 - Utuado 1
BOTTOM OF THE 11TH
Utuado Arribenos batting - Pitching for Mayaguez Capitanes : RHP Manuel Martínez
Batting: RHB Guarionex Garza 0-0: Ball
1-0: Foul Ball, location: 7LDF
1-1: Ball
2-1: Ball
3-1: Called Strike
3-2: Fly out, F3 (Popup, 3S, EV 115 KM/H)
Batting: LHB Efraín Trejo 0-0: SINGLE (Groundball, 6MD, EV 160 KM/H)
Batting: SHB Egidio Osorio 0-0: Bunt missed!
0-1: Sac Bunt to 15S - play at first, batter OUT! 1-3
Efraín Trejo to second
Pinch Hitting: LHB Amérigo Zúñiga 0-0: Ball
1-0: Called Strike
1-1: Ground out 6-3 (Groundball, 6, EV 141 KM/H)
Bottom of the 11th over - 0 runs, 1 hit, 0 errors, 1 left on base; Mayaguez 1 - Utuado 1
TOP OF THE 12TH
Mayaguez Capitanes batting - Pitching for Utuado Arribenos : RHP Celestino López
Now in RF: Eliezer Pérez
Batting: RHB Eneas González 0-0: Foul Ball, location: 2RF
0-1: Foul Ball, location: 9LMF
0-2: Fly out, F3 (Popup, 3F, EV 123 KM/H)
Batting: SHB Roberto Caballero 0-0: Called Strike
0-1: Fly out, F5 (Popup, 5, EV 124 KM/H)
Batting: LHB Alberto Ribota 0-0: Foul Ball, location: 5F
0-1: Ball
1-1: Foul Ball, location: 7LSF
1-2: Ground out 4-3 (Groundball, 4, EV 138 KM/H)
Top of the 12th over - 0 runs, 0 hits, 0 errors, 0 left on base; Mayaguez 1 - Utuado 1
BOTTOM OF THE 12TH
Utuado Arribenos batting - Pitching for Mayaguez Capitanes : RHP Manuel Martínez
Batting: LHB Gaudencio Ojeda 0-0: Ground out 4-3 (Groundball, 4S, EV 137 KM/H)
Batting: LHB Urbano Rivera 0-0: Called Strike
0-1: Fly out, F7 (Flyball, 78D, EV 167 KM/H)
Batting: RHB Etelfrido Dorado 0-0: Called Strike
0-1: Ball
1-1: Fly out, F6 (Popup, P, EV 131 KM/H)
Bottom of the 12th over - 0 runs, 0 hits, 0 errors, 0 left on base; Mayaguez 1 - Utuado 1
TOP OF THE 13TH
Mayaguez Capitanes batting - Pitching for Utuado Arribenos : RHP Celestino López
Batting: RHB Fernando Martínez 0-0: Swinging Strike
0-1: Ball
1-1: Ball
2-1: Ball
3-1: Foul Ball, location: 25F
3-2: Base on Balls
Batting: RHB Segundo Román 0-0: Fly out, F8 (Flyball, 8RM, EV 156 KM/H)
Batting: LHB Carlos de Jesús 0-0: Foul Ball, location: 3FF
0-1: Called Strike
0-2: Ball
1-2: Ball
2-2: Foul Ball, location: 7LMF
2-2: Ground out 6-3 (Groundball, 56D, EV 166 KM/H)
Fernando Martínez to second
Batting: RHB Mórsimo Rodríguez 0-0: Called Strike
0-1: Swinging Strike
0-2: Ball
1-2: Ground out 4-3 (Groundball, 4, EV 136 KM/H)
Top of the 13th over - 0 runs, 0 hits, 0 errors, 1 left on base; Mayaguez 1 - Utuado 1
BOTTOM OF THE 13TH
Utuado Arribenos batting - Pitching for Mayaguez Capitanes : RHP Manuel Martínez
Batting: LHB Luis Álvarez 0-0: Fly out, F8 (Flyball, 8LD, EV 152 KM/H)
Batting: LHB Marco Aguiar 0-0: Ball
1-0: Ball
2-0: Foul Ball, location: 7LSF
2-1: Ball
3-1: SINGLE (Line Drive, 8LS, EV 159 KM/H)
Batting: RHB Guarionex Garza 0-0: Called Strike
0-1: Bunted foul
0-2: Ball
1-2: Foul Ball, location: 9LMF
1-2: Foul Ball, location: 7LSF
1-2: Foul Ball, location: 9LMF
1-2: Ball
2-2: Fielders Choice at 2nd, 6-4 (Groundball, 6, EV 133 KM/H)
Batting: LHB Efraín Trejo 0-0: Fly out, F9 (Line Drive, 89M, EV 148 KM/H)
Bottom of the 13th over - 0 runs, 1 hit, 0 errors, 1 left on base; Mayaguez 1 - Utuado 1
TOP OF THE 14TH
Mayaguez Capitanes batting - Pitching for Utuado Arribenos : RHP Celestino López
Batting: RHB Ángel Rodríguez 0-0: Foul Ball, location: 2F
0-1: Ball
1-1: Ball
2-1: Ball
3-1: Fly out, F4 (Popup, 3S, EV 138 KM/H)
Batting: LHB Bartolomé García 0-0: Ball
1-0: Ball
2-0: Ball
3-0: Reached on error, E6 (Groundball, 6, EV 150 KM/H)
Batting: RHB Eneas González 0-0: Called Strike
0-1: SINGLE (Line Drive, 4D, EV 176 KM/H)
Bartolomé García to second
Batting: SHB Roberto Caballero 0-0: Ball
1-0: Foul Ball, location: 2F
1-1: Ball
2-1: Ball
3-1: Base on Balls
Bartolomé García to third
Eneas González to second
Batting: LHB Alberto Ribota 0-0: Called Strike
0-1: Swinging Strike
0-2: Grounds into fielders choice 1-2 (Groundball, 15S, EV 121 KM/H)
Eneas González to third
Roberto Caballero to second
Batting: RHB Fernando Martínez 0-0: Called Strike
0-1: Ball
1-1: Foul Ball, location: 3F
1-2: Ball
2-2: Foul Ball, location: 5F
2-2: Foul Ball, location: 2F
2-2: SINGLE (Line Drive, 4D, EV 152 KM/H)
Eneas González scores
Roberto Caballero to third
Alberto Ribota to second
Runner from 3rd tries for Home, SAFE, throw by CF to home
Batting: RHB Segundo Román 0-0: Called Strike
0-1: Ball
1-1: Ball
2-1: Ball
3-1: Fielders Choice at 2nd, 6-4 (Groundball, 56, EV 131 KM/H)
Top of the 14th over - 2 runs, 2 hits, 1 error, 2 left on base; Mayaguez 3 - Utuado 1
BOTTOM OF THE 14TH
Utuado Arribenos batting - Pitching for Mayaguez Capitanes : RHP Manuel Martínez
Now at 1B: Alcides Nicolás
Batting: SHB Egidio Osorio 0-0: Ground out 4-3 (Groundball, 4, EV 148 KM/H)
Pinch Hitting: RHB Tomás Guzmán 0-0: Swinging Strike
0-1: Ball
1-1: Ball
2-1: Called Strike
2-2: SINGLE (Groundball, 34D, EV 163 KM/H)
Batting: LHB Gaudencio Ojeda 0-0: Called Strike
0-1: Ball
1-1: Foul Ball, location: 9LDF
1-2: Foul Ball, location: 2F
1-2: Strikes out swinging
Batting: LHB Urbano Rivera 0-0: Foul Ball, location: 7LSF
0-1: Swinging Strike
0-2: Fly out, F3 (Line Drive, 34, EV 101 KM/H)
Bottom of the 14th over - 0 runs, 1 hit, 0 errors, 1 left on base; Mayaguez 3 - Utuado 1
Saturday, February 24th , 2024 - OOTP Baseball 24.11 Build 85